 Dungeon Crawl Stone Soup version 0.22-a0-362-g535178c5c5 (webtiles) character file.

903 Laan the Covert (level 7, -2/49 HPs)
             Began as a Vampire Assassin on Apr 21, 2018.
             Slain by an orc
             ... wielding a +0 trident
              (6 damage)
             ... on level 5 of the Dungeon.
             The game lasted 00:16:19 (4705 turns).

Laan the Covert (Vampire Assassin)                  Turns: 4705, Time: 00:16:19

Health: -2/49      AC:  5    Str: 10    XL:     7   Next: 80%
Magic:  16/16      EV: 15    Int: 16    God:
Gold:   161        SH:  0    Dex: 18    Spells: 6/6 levels left

rFire    . . .     SeeInvis +   a - +2 dagger
rCold    + . .     Gourm    .   (no shield)
rNeg     + + .     Faith    .   c - +0 robe
rPois    +         Spirit   .   (no helmet)
rElec    .         Reflect  .   d - +0 cloak
rCorr    .         Harm     .   (no gloves)
MR       .....                  (no boots)
Stlth    +++++.....             (no amulet)
HPRegen  0.08/turn              w - ring of magical power
MPRegen  0.15/turn              x - +3 ring of dexterity

@: flying, regenerating slowly
A: fangs 3, molten scales 1, see invisible, wild magic 1, unbreathing
a: Bat Form


You were on level 5 of the Dungeon.
You were thirsty.

You visited 1 branch of the dungeon, and saw 5 of its levels.

You collected 161 gold pieces.

Inventory:

Hand Weapons
 a - a +2 dagger (weapon)
 b - a +0 blowgun
 u - a +0 dagger of venom
Missiles
 e - 15 poisoned needles
 f - a curare-tipped needle {!f}
 g - 152 stones (quivered)
 h - 7 needles of sleeping
Armour
 c - a +0 robe (worn)
 d - a +0 cloak (worn)
 A - +0 swamp dragon scales
Jewellery
 w - a ring of magical power (left hand)
 x - a +3 ring of dexterity (right hand)
 D - a cursed -5 ring of intelligence {unknown}
Scrolls
 k - a scroll of remove curse {unknown}
 l - 2 scrolls of identify
 o - 2 scrolls of magic mapping {unknown}
 s - a scroll of enchant armour {unknown}
 t - 2 scrolls of fog {unknown}
 v - 2 scrolls of enchant weapon {unknown}
 y - a scroll of teleportation {unknown}
 B - 2 scrolls of amnesia {unknown}
Potions
 i - a potion of curing {unknown}
 j - a potion of cancellation {unknown}
 q - 7 potions of blood
 z - a potion of haste


   Skills:
 - Level 1.7 Fighting
 + Level 5.2 Short Blades
 + Level 4.0 Throwing
 + Level 4.8 Dodging
 + Level 9.1 Stealth


You had 6 spell levels left.
You didn't know any spells.

Dungeon Overview and Level Annotations

Branches:
Dungeon (5/15)
 Temple: D:4-7

Altars:
Cheibriados
Elyvilon
Fedhas
Sif Muna
Trog
Yredelemnul
The Shining One


Innate Abilities, Weirdness & Mutations

You heal slowly.
You have razor-sharp teeth.
You have supernaturally acute eyesight. (SInv)
You can survive without breathing.
You are partially covered in molten scales. (AC +2)
Your spells are a little harder to cast, but a little more powerful.


Message History

You feel much better. The orc hits you with a mace!
The crimson imp grins evilly.
The crimson imp closely misses you.
It was a potion of flight.
You feel very buoyant.
You fly up into the air.
The orc hits you from afar with a trident!
* * * LOW HITPOINT WARNING * * *
The orc completely misses you. The crimson imp misses you.
It was a potion of berserk rage.
You feel slightly irritated.
The orc hits you from afar with a trident.
* * * LOW HITPOINT WARNING * * *
The crimson imp hits you but does no damage.
It was a potion of mutation.
You feel extremely strange.
Your body twists and deforms.
Your body's shape seems more normal.
You feel less in control of your magic.
Molten scales grow over part of your body.
The orc misses you.
The orc hits you from afar with a trident.
You die...

..)......o...#.#............
####..)####.##..............
#.... o..##.#............
#...#######.#.##...###########
#..o# #......### #.....# #...#
#..o...# #.....# #...#
###o#### #.(...< .....
#o####### #..)..# #@5.....##
#.....# ######...#####.###
#.......>.# #...####### #####


You could see a crimson imp and 3 orcs.

Vanquished Creatures
  Grinder (D:4)
  Menkaure (D:4)
  A phantom (D:4)
  An ogre (D:4)
  A bullfrog (D:4)
  2 scorpions
  3 orc priests (D:4)
  5 adders
  2 oozes
  An adder skeleton (D:4)
  A worm (D:3)
  2 dart slugs
  A leopard gecko (D:3)
  8 orcs
  3 ball pythons
  6 bats
  5 giant cockroaches
  4 goblins
  5 hobgoblins (D:1)
  14 jackals
  9 kobolds
  3 frilled lizards
  2 gnoll zombies (D:2)
  6 rats
87 creatures vanquished.

Notes
Turn   | Place    | Note
-------+----------+-------------------------------------------
     0 | D:1      | Laan the Vampire Assassin began the quest for the Orb.
     0 | D:1      | Reached XP level 1. HP: 16/16 MP: 1/1
   103 | D:1      | Reached skill level 6 in Stealth
   112 | D:1      | Reached XP level 2. HP: 21/22 MP: 2/2
   538 | D:1      | Reached XP level 3. HP: 20/27 MP: 3/3
  1062 | D:2      | Noticed a scorpion
  1071 | D:2      | Killed a scorpion
  1071 | D:2      | Reached XP level 4. HP: 33/33 MP: 4/4
  1399 | D:2      | Found a basalt altar of Yredelemnul.
  1504 | D:2      | Reached skill level 7 in Stealth
  1755 | D:3      | Reached XP level 5. HP: 36/38 MP: 5/5
  1768 | D:3      | Found a faded altar of an unknown god.
  1944 | D:3      | Found a glowing golden altar of the Shining One.
  1944 | D:3      | Found a white marble altar of Elyvilon.
  1972 | D:3      | Found a deep blue altar of Sif Muna.
  2034 | D:3      | Found a blossoming altar of Fedhas.
  2197 | D:4      | Noticed Grinder
  2204 | D:4      | Paralysed by Grinder for 7 turns
  2223 | D:4      | Paralysed by Grinder for 2 turns
  2462 | D:4      | Paralysed by Grinder for 2 turns
  2482 | D:4      | Killed Grinder
  2482 | D:4      | Reached XP level 6. HP: 18/44 MP: 6/6
  2748 | D:4      | Reached skill level 8 in Stealth
  3058 | D:4      | Found a bloodstained altar of Trog.
  3100 | D:3      | Reached XP level 7. HP: 30/49 MP: 7/7
  3961 | D:4      | Noticed Menkaure
  4216 | D:4      | Killed Menkaure
  4216 | D:4      | Reached skill level 5 in Short Blades
  4523 | D:4      | Reached skill level 9 in Stealth
  4568 | D:4      | Found a snail-covered altar of Cheibriados.
  4607 | D:5      | Entered Level 5 of the Dungeon
  4705 | D:5      | Gained mutation: Armour fits poorly on your strangely shaped body. [potion of mutation]
  4705 | D:5      | Lost mutation: Armour fits poorly on your strangely shaped body. [potion of mutation]
  4705 | D:5      | Gained mutation: Your spells are a little harder to cast, but a little more powerful. [potion of mutation]
  4705 | D:5      | Gained mutation: You are partially covered in molten scales. (AC +2) [potion of mutation]
  4705 | D:5      | Slain by an orc

Vault maps used:
D:1:      dpeg_arrival_pond
D:2:      lemuel_zombie_altar_yredelemnul
D:3:      old_standard_altar, gammafunk_temple_overflow_wave,
          chequers_ecumenical_altar_simple_redux, serial_glass, glass_columns_b,
          glass_columns_b, glass_columns_b, glass_columns_a, glass_columns_a,
          glass_columns_b, glass_columns_b, glass_columns_a, glass_columns_a,
          glass_columns_a, kennysheep_pointless_box, fedhas_altar_2
D:4:      lemuel_coloured_pillars_altar, trog_three_pillars_becter,
          uniq_menkaure, uniq_grinder
D:5:      minmay_temple_entry_mist, first_ration

Skill      XL: |  1  2  3  4  5  6  7 |
---------------+----------------------+-----
Stealth        | 6 7 8 9 |  9.1
Throwing       | 2 3 4 |  4.0
Dodging        | 2 3 4 |  4.8
Short Blades   | 3 4 5 |  5.2
Fighting       | |  1.7

Action                   |  1- 3 |  4- 6 |  7- 9 || total
-------------------------+-------+-------+-------++-------
Melee: Dagger            |   109 |   113 |   123 ||   345
       Bite              |     4 |    14 |    10 ||    28
 Fire: Blowgun           |     5 |    27 |    16 ||    48
Throw: Stone             |     1 |       |       ||     1
  Use: Potion            |     1 |     5 |    12 ||    18
       Scroll            |       |     1 |       ||     1
 Stab: Sleeping          |     5 |    12 |     1 ||    18
       Distracted        |       |     1 |       ||     1
Armor: Robe              |    21 |    14 |     8 ||    43
Dodge: Dodged            |    70 |    70 |    68 ||   208

Table legend:
 A = Spawn XP
 B = Non-spawn XP
 C = Spawn XP percentage of total XP
 D = Spawn monster count
 E = Non-spawn monster count
 F = Spawn count percentage of total count
 G = Total turns spent on level
                    A         B        C        D         E        F      G
               +---------+---------+-------+---------+---------+-------+---------
         Total |       0 |    1291 |   0.0 |       0 |      87 |   0.0 |  4705
               +---------+---------+-------+---------+---------+-------+---------
           D:1 |       0 |      46 |   0.0 |       0 |      28 |   0.0 |   925
           D:2 |       0 |     138 |   0.0 |       0 |      21 |   0.0 |   772
           D:3 |       0 |      38 |   0.0 |       0 |      11 |   0.0 |   888
           D:4 |       0 |    1053 |   0.0 |       0 |      23 |   0.0 |  2022
           D:5 |       0 |      16 |   0.0 |       0 |       4 |   0.0 |    98
               +---------+---------+-------+---------+---------+-------+---------
